 Dungeon Crawl Stone Soup version 0.21.1-1-g345015f (webtiles) character file.

12 tidbits the Grave Robber (level 2, -5/20 HPs)
             Began as a Gnoll Necromancer on June 21, 2018.
             Slain by nicolaieve's ghost (11 damage)
             ... on level 3 of the Dungeon.
             The game lasted 00:01:53 (209 turns).

tidbits the Grave Robber (Gnoll Necromancer)         Turns: 209, Time: 00:01:54

Health: -5/20      AC:  2    Str:  9 (10) XL:     2   Next: 33%
Magic:  4/7        EV: 14    Int: 19 (22) God:
Gold:   41         SH:  0    Dex: 13 (15) Spells: 9/10 levels left

rFire    + . .     SeeInvis .   k - +0 war axe
rCold    x . .     Gourm    .   (no shield)
rNeg     . . .     Faith    .   f - +0 robe
rPois    .         Spirit   .   (no helmet)
rElec    .         Reflect  .   (no cloak)
rCorr    .         Harm     .   (no gloves)
MR       .....                  (no boots)
Stlth    +++.......             (no amulet)
HPRegen  0.06/turn              j - ring of fire (curse)
MPRegen  0.10/turn              (no ring)

@: brilliant, flying
A: distributed training, fangs 1, strong nose
a: no special abilities


You were on level 3 of the Dungeon.
You were not hungry.

You visited 1 branch of the dungeon, and saw 3 of its levels.

You collected 41 gold pieces.

Inventory:

Hand Weapons
 a - a +0 dagger
 k - a +0 war axe (weapon)
Armour
 f - a +0 robe (worn)
Jewellery
 j - a cursed ring of fire (left hand)
   (You found it on level 1 of the Dungeon)
Scrolls
 d - 2 scrolls of teleportation {unknown}
 i - 3 scrolls of remove curse {unknown}
 l - a scroll of identify {unknown}
Books
 b - a book of Necromancy

   Spells                             Type                      Level
   a - Pain                           Necromancy                   1
   b - Animate Skeleton               Necromancy                   1
   c - Vampiric Draining              Necromancy                   3
   d - Regeneration                   Charms/Necromancy            3
   e - Animate Dead                   Necromancy                   4
   f - Borgnjor's Vile Clutch         Necromancy/Earth             5
Comestibles
 c - a ration


   Skills:
 + Level 0.3 Fighting
 + Level 0.3 Short Blades
 + Level 0.3 Long Blades
 + Level 0.3 Axes
 + Level 0.3 Maces & Flails
 + Level 0.3 Polearms
 + Level 0.3 Staves
 + Level 0.3 Slings
 + Level 0.3 Bows
 + Level 0.3 Crossbows
 + Level 0.3 Throwing
 + Level 0.3 Armour
 + Level 4.4 Dodging
 + Level 4.0 Stealth
 + Level 0.3 Shields
 + Level 0.3 Unarmed Combat
 + Level 4.9 Spellcasting
 + Level 0.2 Conjurations
 + Level 0.2 Hexes
 + Level 0.2 Charms
 + Level 0.2 Summonings
 + Level 7.0 Necromancy
 + Level 0.2 Translocations
 + Level 0.2 Transmutations
 + Level 0.2 Fire Magic
 + Level 0.2 Ice Magic
 + Level 0.2 Air Magic
 + Level 0.2 Earth Magic
 + Level 0.2 Poison Magic
 + Level 0.4 Invocations
 + Level 0.3 Evocations


You had 9 spell levels left.
You knew the following spells:

 Your Spells              Type           Power        Failure   Level  Hunger
a - Pain                  Necr           ####         1%          1    None


Dungeon Overview and Level Annotations

Branches:
Dungeon (3/15)

Altars:
Kikubaaqudgha
Okawaru

Annotations:
D:3 Sigmund; nicolaieve's ghost, amateur MiBe


Innate Abilities, Weirdness & Mutations

Your experience applies equally to all skills.
You have very sharp teeth.
Your uncanny sense of smell can sniff out nearby items.


Message History

Aiming: Pain
Press: ? - help, Shift-Dir - straight line, f - adder
Aim: an adder (chance to defeat MR: 89%)
The adder barely resists.
Casting: Pain
Confirm with . or Enter, or press ? or * to list all spells.
Aiming: Pain
Press: ? - help, Shift-Dir - straight line, f/p - adder
Aim: an adder (chance to defeat MR: 89%)
The adder writhes in agony!
Casting: Pain
Confirm with . or Enter, or press ? or * to list all spells.
Aiming: Pain
Press: ? - help, Shift-Dir - straight line, f/p - adder
Aim: an adder (heavily wounded, chance to defeat MR: 89%)
The adder writhes in agony!
You kill the adder!
You have reached level 2!
Casting: Pain
Confirm with . or Enter, or press ? or * to list all spells.
You can't see any susceptible monsters within range! (Use Z to cast anyway.)
Okay, then.
You open the door.
Found a glowing blue potion.
There is an open door here.
You open the door.
You see here a glowing blue potion.
m - a glowing blue potion You open the door.
There is an open door here.
Found 11 gold pieces.
You see here 11 gold pieces.
You now have 41 gold pieces (gained 11).
Found a scroll labeled ANOASU BYPAI.
You see here a scroll labeled ANOASU BYPAI.
i - 3 scrolls labeled ANOASU BYPAI (gained 1)
Found a fuming golden potion.
A worm comes into view.
Found an iron altar of Okawaru.
Found a spear.
Unknown command.
Casting: Pain
Confirm with . or Enter, or press ? or * to list all spells.
Aiming: Pain
Press: ? - help, Shift-Dir - straight line, f - worm
Aim: a worm (chance to defeat MR: 89%)
The worm writhes in agony!
Nicolaieve's ghost (amateur Minotaur Berserker) comes into view.
Casting: Pain
Confirm with . or Enter, or press ? or * to list all spells.
Aiming: Pain
Press: ? - help, Shift-Dir - straight line, f/p - worm
Aim: a worm (lightly wounded, chance to defeat MR: 89%)
The worm writhes in agony!
Nicolaieve's ghost turns its malevolent gaze towards you.
Casting: Pain
Confirm with . or Enter, or press ? or * to list all spells.
Aiming: Pain
Press: ? - help, Shift-Dir - straight line, f/p - worm
Aim: a worm (moderately wounded, chance to defeat MR: 89%)
The worm writhes in agony!
Casting: Pain
Confirm with . or Enter, or press ? or * to list all spells.
Aiming: Pain
Press: ? - help, Shift-Dir - straight line, f/p - worm
Aim: a worm (heavily wounded, chance to defeat MR: 89%)
The worm writhes in agony!
You kill the worm!
An adder comes into view.
It was a potion of brilliance.
You feel clever all of a sudden.
Okay, then.
It was a potion of degeneration.
There was something very wrong with that liquid.
You feel weakened.
You feel dopey.
You feel clumsy.
It was a potion of heal wounds.
You feel much better.
Nicolaieve's ghost whispers, "Meet the emptiness of death!"
It was a potion of flight.
You feel very buoyant.
You fly up into the air.
Nicolaieve's ghost closely misses you.
Wield which item (- for none, * to show all)? (? for menu, Esc to quit)
k - a +0 war axe (weapon)
You hit nicolaieve's ghost. Your bite misses nicolaieve's ghost.
Nicolaieve's ghost is lightly damaged.
Nicolaieve's ghost hits you. Nicolaieve's ghost closely misses you.
You barely miss nicolaieve's ghost.
You bite nicolaieve's ghost, but do no damage.
Nicolaieve's ghost is lightly damaged.
Nicolaieve's ghost hits you.
* * * LOW HITPOINT WARNING * * *
You slash nicolaieve's ghost! Your bite misses nicolaieve's ghost.
Nicolaieve's ghost is moderately damaged.
Nicolaieve's ghost hits you.
* * * LOW HITPOINT WARNING * * *
Nicolaieve's ghost barely misses you.
You hit nicolaieve's ghost. Your bite misses nicolaieve's ghost.
Nicolaieve's ghost is moderately damaged.
Nicolaieve's ghost hits you!
Ouch! That really hurt!
You die...

## S.... ..) . ._. ...
#. !.. .... ##.. ...
..... ...##.##†..
....... ###########
#...# #.........# #W#
#.# #.# #@# #.#######.#
#.#######
#.......#.####........
###...............######
............##.....#
.##.......#####...##
#.#.#.### ##.## #.....#
#.# ###.#.# #.# #.#


You could see nicolaieve's ghost.

Vanquished Creatures
  An adder (D:3)
  A worm (D:3)
2 creatures vanquished.

Notes
Turn   | Place    | Note
-------+----------+-------------------------------------------
     0 | D:1      | tidbits the Gnoll Necromancer began the quest for the Orb.
     0 | D:1      | Reached XP level 1. HP: 13/13 MP: 6/6
    97 | D:3      | Found an ancient bone altar of Kikubaaqudgha.
   117 | D:3      | Noticed Sigmund
   123 | D:3      | Reached XP level 2. HP: 17/19 MP: 3/7
   194 | D:3      | Found an iron altar of Okawaru.
   197 | D:3      | Noticed nicolaieve's ghost (amateur MiBe)
   209 | D:3      | Slain by nicolaieve's ghost

Action                   || total
-------------------------++-------
Melee: War axe           ||     4
       Bite              ||     1
 Cast: Pain              ||     7
  Use: Potion            ||     4
Dodge: Dodged            ||     3

Table legend:
 A = Turns spent in this place as a percentage of turns spent in the entire game.
 B = Non-inter-level travel turns spent in this place as a percentage of non-inter-level travel turns spent in the entire game.
 C = Inter-level travel turns spent in this place as a percentage of turns spent in this place.
 D = Turns resting spent in this place as a percentage of non-inter-level travel turns spent in this place.
 E = Turns spent auto-exploring this place as a percentage of non-inter-level travel turns spent in this place.
 F = Non-inter-level travel turns spent in this place divided by the number of levels of this place that you've seen.
                   A       B       C       D       E      F
               +-------+-------+-------+-------+-------+----------------------
         Total | 100.0 | 100.0 |   0.0 |   0.0 |   0.0 |  69.7
       Dungeon | 100.0 | 100.0 |   0.0 |   0.0 |   0.0 |  69.7
               +-------+-------+-------+-------+-------+----------------------

Table legend:
 A = Kills in this place as a percentage of kills in entire the game.
 B = Kills by you in this place as a percentage of kills by you in the entire game.
 C = Kills by friends in this place as a percentage of kills by friends in the entire game.
 D = Other kills in this place as a percentage of other kills in the entire game.
 E = Experience gained in this place as a percentage of experience gained in the entire game.
 F = Experience gained in this place divided by the number of levels of this place that you have seen.
                   A       B       C       D       E      F
               +-------+-------+-------+-------+-------+----------------------
         Total | 100.0 | 100.0 |   N/A |   N/A | 100.0 |   6.0
       Dungeon | 100.0 | 100.0 |   N/A |   N/A | 100.0 |   6.0
               +-------+-------+-------+-------+-------+----------------------

Vault maps used:
D:1:      dpeg_arrival_snail, grunt_decor_resistance, amethyst_killhole
D:2:      cheibrodos_fertilizer, nicolae_ru_path_of_blood, first_ration,
          uniq_robin
D:3:      okawaru_gym_becter, kiku_gazebo_garden_becter, uniq_purgy,
          uniq_sigmund
